 Dungeon Crawl Stone Soup version 0.31.0-11-ge490571c62 (webtiles) character file.

Game seed: 5569576083154170512

49 Derpghoster the Grave Robber (level 3, -2/26 HPs)
             Began as a Mummy Necromancer on Jan 31, 2024.
             Slain by a gnoll
             ... wielding a +0 spear
              (7 damage)
             ... on level 2 of the Dungeon.
             The game lasted 00:03:33 (844 turns).

Derpghoster the Grave Robber (Mummy Necromancer)     Turns: 844, Time: 00:03:34

Health: -2/26      AC:  2    Str: 11    XL:     3   Next: 51%
Magic:  0/7        EV: 12    Int: 16    God:
Gold:   24         SH:  0    Dex: 12    Spells: 7/8 levels left

rFire   x . .        c - staff of conjuration
rCold   + . .        (no shield)
rNeg    + + +        a - +0 robe
rPois   ∞            (no helmet)
rElec   .            (no cloak)
rCorr   .            (no gloves)
SInv    .            (no boots)
Will    .....        (no amulet)
Stlth   ++           (no ring)
HPRegen 0.24/turn    (no ring)
MPRegen 0.10/turn

%: faith
@: no status effects
A: cold resistance 1, negative energy resistance 3, torment resistance 2, heat
vulnerability 1, in touch with death 1, no potions, faith
a: no special abilities


You were on level 2 of the Dungeon.
You visited 1 branch of the dungeon, and saw 2 of its levels.

You collected 24 gold pieces.

Inventory:

Armour
 a - a +0 robe (worn)
Magical Staves
 c - a staff of conjuration (weapon)
Scrolls
 b - 2 scrolls of vulnerability


   Skills:
 * Level 1.3 Fighting
 * Level 1.9 Dodging
 * Level 1.8 Stealth
 * Level 3.4 Spellcasting
 + Level 4.3 Necromancy


You had 7 spell levels left.
You knew the following spells:

 Your Spells              Type           Power      Damage    Failure   Level
a - Necrotise             Necr           96%        1d8       3%          1

Your spell library contained the following spells:

 Spells                   Type           Power      Damage    Failure   Level
 Vampiric Draining        Necr           24%        2d7       9%          3
 Animate Dead             Necr           24%        N/A       30%         4
 Curse of Agony           Necr           24%        N/A       63%         5


Dungeon Overview and Level Annotations

Branches:
Dungeon (2/15)

Altars:

Shops:
D:1 [


Innate Abilities, Weirdness & Mutations

You are immune to poison.
Your flesh is cold resistant. (rC+)
You are immune to negative energy. (rN+++)
You are immune to unholy pain and torment.
You are vulnerable to heat. (rF-)
You are in touch with the powers of death.
You do not drink.
You have a special connection with the divine. (Faith)


Message History

You kill the gnoll!
The dead are walking!
The gnoll hits your gnoll skeleton with a +0 spear.
Your gnoll skeleton hits the gnoll but does no damage.
The gnoll hits your gnoll skeleton with a +0 spear!
Your gnoll skeleton is destroyed!
The gnoll barely misses you. The gnoll hits you with a +0 spear.
You see here a +0 spear.
You hit the gnoll.
The gnoll is moderately wounded.
The gnoll hits you with a +0 spear.
You hit the gnoll.
The gnoll is moderately wounded.
The gnoll hits you with a +0 spear.
You hit the gnoll.
The gnoll is heavily wounded.
The gnoll misses you.
You barely miss the gnoll.
The gnoll is heavily wounded.
The gnoll hits you with a +0 spear.
* * * LOW HITPOINT WARNING * * *
The gnoll hits you but does no damage.
Casting: Necrotise (safe; 3% risk of failure)
Confirm with . or Enter, or press ? or * to list all spells.
Aiming: Necrotise (safe; 3% risk of failure)
Press: ? - help, Shift-Dir - straight line, f - gnoll
Aim: a gnoll, wielding a +0 spear (heavily wounded, chance to affect: 88%)
You feel a surge of power!
The gnoll writhes in agony.
The gnoll misses you.
You closely miss the gnoll. You punch the gnoll, but do no damage.
The gnoll is severely wounded.
The gnoll closely misses you.
You barely miss the gnoll.
The gnoll is severely wounded.
The gnoll hits you with a +0 spear.
* * * LOW HITPOINT WARNING * * *
You hit the gnoll.
The gnoll is almost dead.
The gnoll hits you with a +0 spear!
You die...

##### #...####### ....#..!..#
#...#..(..####################
###.#...........@g.........).###.
....#....####################....
##..#.#...# #..... #..#.#<..###
.g....# #....#>....+ #...####
##.......### ....g #########
##.!g. #.... #....


You could see a gnoll.

Vanquished Creatures
  An adder (D:2)
  3 gnolls (D:2)
  3 endoplasms (D:1)
  2 hobgoblins (D:1)
  A ball python (D:1)
  A bat (D:1)
  A goblin (D:1)
  A rat (D:2)
13 creatures vanquished.

Notes
Turn   | Place    | Note
-------+----------+-------------------------------------------
     0 | D:1      | Derpghoster the Mummy Necromancer began the quest for the
                  | Orb.
     0 | D:1      | Reached XP level 1. HP: 13/13 MP: 4/4
     2 | D:1      | Noticed a felid
     2 | D:1      | Noticed an octopode
     4 | D:1      | Noticed a ghoul
     6 | D:1      | Noticed a human
     8 | D:1      | Noticed a gargoyle
     8 | D:1      | Noticed a spriggan
    10 | D:1      | Noticed a demigod
    10 | D:1      | Noticed a tengu
    12 | D:1      | Noticed a troll
    14 | D:1      | Noticed a formicid
    14 | D:1      | Noticed a barachi
    16 | D:1      | Noticed an elf
    16 | D:1      | Noticed a vampire
    18 | D:1      | Noticed a demonspawn
    18 | D:1      | Noticed a merfolk
    20 | D:1      | Noticed an armataur
    22 | D:1      | Noticed a vine stalker
    22 | D:1      | Noticed a naga
    24 | D:1      | Noticed a djinni
    24 | D:1      | Noticed a draconian
    26 | D:1      | Noticed an oni
    26 | D:1      | Noticed a minotaur
   100 | D:1      | Found Wecloe's Antique Armour Shop.
   538 | D:1      | Reached XP level 2. HP: 20/20 MP: 3/5
   809 | D:2      | Reached XP level 3. HP: 25/25 MP: 1/7
   817 | D:2      | Reached skill level 1 in Fighting
   844 | D:2      | Slain by a gnoll

Illustrated notes

Levels and vault maps discovered:
D:1:      kb_arrival_jail, layout_basic, serial_shops, shop
D:2:      layout_basic, serial_shops, shop, nicolae_lakefront_shop,
          nicolae_shop_pleasant_corner_grove, nicolae_shop_getting_attention,
          shop, serial_curves, eino_curves_03, eino_curves_02

Skill      XL: |  1  2  3 |
---------------+----------+-----
Spellcasting   | 3 |  3.4
Fighting       | 1 |  1.3
Dodging        | |  1.9
Stealth        | |  1.8
Necromancy     | |  4.3

Action                     || total
---------------------------++-------
  Melee: Staff             ||    10
         Punch             ||     1
   Cast: Necrotise         ||    24
    Use: Scroll            ||     2
 Armour: Robe              ||    10
  Dodge: Dodged            ||     8
